 Dungeon Crawl Stone Soup version 0.31.0-1-g2c135a0 (webtiles) character file.

Game seed: 857702501768413468

4169 TheOfficialSoup the Cleaver (level 10, 0/88 HPs)
             Began as a Minotaur Fighter on Apr 8, 2024.
             Was a Believer of Trog.
             Succumbed to a juvenile stingbat beast's poison
             ... on level 8 of the Dungeon.
             The game lasted 00:50:32 (8002 turns).

TheOfficialSoup the Cleaver (Minotaur Fighter)      Turns: 8002, Time: 00:50:33

Health: 0/88       AC: 12    Str: 31    XL:     10   Next: 7%
Magic:  0/0        EV: 11    Int:  5    God:    Trog [**....]
Gold:   446        SH:  0    Dex:  6    Spells: 8/9 levels left

rFire   + + +        a - +0 war axe
rCold   . . .        e - orb {*Rage}
rNeg    . . .        D - +5 ring mail of the Locust {Str+5}
rPois   +            (helmet restricted)
rElec   .            (no cloak)
rCorr   .            (no gloves)
SInv    .            (no boots)
Will    .....        C - amulet of regeneration
Stlth   ++           x - ring of Zopremed {rPois rF+++ MP-9 Dex-3 Stlth+}
HPRegen 1.14/turn    (no ring)
MPRegen 0.07/turn

%: random rage (20%)
@: lethally poisoned (0 -> -6), on berserk cooldown
A: horns 2, retaliatory headbutt
a: Renounce Religion, Berserk, Trog's Hand


You were on level 8 of the Dungeon.
You worshipped Trog.
Trog was pleased with you.
You visited 2 branches of the dungeon, and saw 9 of its levels.
You also visited: Sewer and Bailey.

You collected 446 gold pieces.

Inventory:

Hand Weapons
 a - a +0 war axe (weapon)
Missiles
 m - 8 boomerangs (quivered)
Armour
 b - a +0 scale mail
 c - a +0 buckler
 e - an orb of wrath (worn)
 y - a +0 chain mail
 z - a +0 chain mail
 D - the +5 ring mail of the Locust (worn) {Str+5}
   (You found it on level 6 of the Dungeon)

   Str+5:     It affects your strength (+5).
 E - a +0 helmet
 G - a +0 plate armour
Jewellery
 g - an amulet of magic regeneration
 l - a ring of protection from cold
 x - the ring of Zopremed (left hand) {rPois rF+++ MP-9 Dex-3 Stlth+}
   (You found it on level 6 of the Dungeon)

   [ring of poison resistance]

   Dex-3:     It affects your dexterity (-3).
   rF+++:     It renders you almost immune to fire.
   rPois:     It protects you from poison MP-9: It affects your magic capacity
   (-9).
   Stlth+:    It makes you more stealthy.
 C - an amulet of regeneration (around neck)
Talismans
 A - a maw talisman
Wands
 v - a wand of flame (23)
Scrolls
 h - 2 scrolls of teleportation
 i - a scroll of immolation
 k - 3 scrolls of enchant weapon {unknown}
 p - 2 scrolls of fog
 q - 2 scrolls of vulnerability
 s - 3 scrolls of revelation
 F - a scroll of noise {unknown}
Potions
 d - 6 potions of might
 f - 7 potions of haste
 j - 3 potions of enlightenment {unknown}
 n - 4 potions of brilliance {unknown}
 o - 2 potions of mutation {unknown}
 r - 2 potions of magic {unknown}
 t - a potion of heal wounds {unknown}
 u - a potion of invisibility {unknown}
 w - a potion of attraction {unknown}
 B - 3 potions of berserk rage {unknown}


   Skills:
 + Level 8.2 Fighting
 + Level 12.5 Axes
 + Level 9.0 Armour
 + Level 3.8 Dodging
 + Level 1.8 Stealth
 + Level 4.1 Shields


You had 8 spell levels left.
You knew the following spells:

 Your Spells              Type           Power      Damage    Failure   Level
a - Apportation           Tloc           0%         N/A       56%         1

Your spell library contained the following spells:

 Spells                   Type           Power      Damage    Failure   Level
 Necrotise                Necr           0%         1d4       56%         1
 Sting                    Conj/Alch      0%         1d3       56%         1
 Summon Small Mammal      Summ           0%         N/A       56%         1
 Animate Armour           Summ/Erth      0%         N/A       100%        4
 Summon Lightning Spire   Summ/Air       0%         N/A       100%        4
 Lee's Rapid Deconstruct  Erth           0%         3d4*      100%        5


Dungeon Overview and Level Annotations

Branches:
Dungeon (8/15)             Temple (1/1) D:5           Sewer (visited)
 Bailey (visited)
   Lair: D:8-11

Altars:
Ashenzari
Cheibriados
Dithmenos
Elyvilon
Fedhas
Gozag
Hepliaklqana
Kikubaaqudgha
Makhleb
Nemelex Xobeh
Okawaru
Qazlal
Ru
Sif Muna
Trog
Uskayaw
Vehumet
Wu Jian
Xom
Yredelemnul
Zin
The Shining One


Innate Abilities, Weirdness & Mutations

You have a pair of horns on your head.
You reflexively headbutt those who attack you in melee.


Message History

You feel yourself speed up.
You feel sick.
The larval batox beast hits you but does no damage.
The larval batox beast tramples you but does no damage.
The juvenile stingbat beast closely misses you.
The larval batox beast barely misses you. x2
The juvenile stingbat beast barely misses you.
The larval stingfire beast breathes flames at you.
The blast of flame hits you but does no damage.
You resist.
The juvenile stingbat beast closely misses you.
You feel sick.
The juvenile stingbat beast stings you from afar.
* * * LOW HITPOINT WARNING * * *
The larval stingfire beast breathes flames at you.
The blast of flame misses you.
The juvenile stingbat beast stings you from afar!
* * * LOW HITPOINT WARNING * * *
Your surroundings seem slightly different.
You feel sick.
The juvenile stingbat beast attacks as it pursues you!
The juvenile stingbat beast stings you from afar.
* * * LOW HITPOINT WARNING * * *
The juvenile stingbat beast misses you.
Found a sharpened glass wand.
You feel sick.
The juvenile stingbat beast attacks as it pursues you!
The juvenile stingbat beast stings you from afar.
* * * LOW HITPOINT WARNING * * *
The larval stingfire beast breathes flames at you.
The blast of flame hits you. You resist.
* * * LOW HITPOINT WARNING * * *
The juvenile stingbat beast stings you from afar.
* * * LOW HITPOINT WARNING * * *
You are lethally poisoned!
The juvenile stingbat beast poisons you!
Found an amethyst potion.
* * * LOW HITPOINT WARNING * * *
You feel very sick.
The juvenile stingbat beast closely misses you.
You die...

###### ## #####
#!## #### #...
...###...#
########.#
..#.......
^........#
....#....#
########.#
#......... #.#
#./....... #)#
##@.......... #)#
##........... .
#)# #...#...}...
.# #)#
#.HH.......# ..#
#)#
###..H........
#.# #.....#?#.#
#.## ###.......#
#..### #...†.#
##...#######...##


You could see 2 mutant beasts.

Vanquished Creatures
  Grinder (D:6)
  Sigmund (D:2)
  6 yaks (D:8)
  2 water moccasins
  3 orc warriors
  3 sky beasts
  An ice beast (D:6)
  An ogre (D:5)
  A black bear (D:5)
  A phantom (D:5)
  2 kobold brigands (Sewer)
  A bullfrog (D:7)
  A scorpion (D:6)
  5 wights (D:8)
  7 killer bees
  3 howler monkeys
  A gnoll bouda (D:6)
  3 orc priests
  6 hounds
  A jelly (D:5)
  2 bombardier beetles
  2 sleepcaps
  3 orc wizards
  2 mutant beasts (D:8)
  4 gnolls (D:5)
  10 adders
  2 river rats (Sewer)
  A shadow imp (D:7)
  5 white imps
  3 dart slugs
  2 ribbon worms
  20 orcs
  6 endoplasms
  2 giant cockroaches (D:3)
  7 hobgoblins
  5 jackals (D:1)
  2 quokkas (D:1)
  6 ball pythons
  5 bats
  4 frilled lizards
  8 goblins
  18 kobolds
  27 rats
196 creatures vanquished.

Notes
Turn   | Place    | Note
-------+----------+-------------------------------------------
     0 | D:1      | TheOfficialSoup the Minotaur Fighter began the quest for
                  | the Orb.
     0 | D:1      | Reached XP level 1. HP: 19/19 MP: 0/0
   407 | D:1      | Reached XP level 2. HP: 27/27 MP: 1/1
  1390 | D:2      | Reached XP level 3. HP: 31/33 MP: 2/2
  1430 | D:2      | Noticed Sigmund
  1439 | D:2      | Reached skill level 3 in Axes
  1443 | D:2      | Killed Sigmund
  1444 | D:2      | Reached skill level 4 in Axes
  1444 | D:2      | Reached XP level 4. HP: 13/41 MP: 3/3
  1444 | D:2      | Reached XP level 5. HP: 15/47 MP: 4/4
  1517 | D:2      | Reached skill level 5 in Axes
  2424 | D:3      | Learned a level 1 spell: Apportation
  2426 | D:3      | Found a shadowy altar of Dithmenos.
  2541 | D:3      | Reached skill level 5 in Armour
  2541 | D:3      | Reached XP level 6. HP: 53/53 MP: 5/5
  2691 | D:3      | Found a glowing drain.
  2698 | Sewer    | Entered a sewer
  2798 | Sewer    | Reached skill level 1 in Dodging
  2926 | Sewer    | Reached skill level 6 in Axes
  3197 | Sewer    | Reached skill level 5 in Fighting
  3201 | Sewer    | Reached XP level 7. HP: 61/61 MP: 6/6
  3952 | D:4      | Identified a scroll of acquirement
  3956 | D:4      | Acquired an amulet of magic regeneration
  4070 | D:4      | You fall into a shaft and drop 2 floors!
  4115 | D:6      | Found a snail-covered altar of Cheibriados.
  4198 | D:6      | Identified the ring of Zopremed {rPois rF+++ MP-9 Dex-3
                  | Stlth+}
  4334 | D:5      | Entered Level 5 of the Dungeon
  4351 | D:5      | Reached skill level 7 in Axes
  4607 | D:5      | Found a staircase to the Ecumenical Temple.
  4625 | Temple   | Entered the Ecumenical Temple
  4658 | Temple   | Became a worshipper of Trog the Wrathful
  4855 | D:5      | Reached skill level 8 in Axes
  5133 | D:5      | Reached XP level 8. HP: 70/70 MP: 0/7
  5427 | D:5      | Reached skill level 1 in Stealth
  5527 | D:5      | Found an opulent altar of Gozag.
  5778 | D:6      | Noticed Grinder
  5788 | D:6      | Paralysed by Grinder for 3 turns
  5792 | D:6      | Killed Grinder
  5793 | D:6      | Reached skill level 9 in Axes
  5794 | D:6      | Identified the +5 ring mail of the Locust {Str+5}
  6296 | D:6      | Found a broken altar of Ashenzari.
  6490 | D:7      | Reached skill level 10 in Axes
  6512 | D:7      | Reached XP level 9. HP: 78/78 MP: 0/8
  6800 | D:7      | Reached * piety under Trog
  7306 | D:8      | Reached skill level 11 in Axes
  7393 | D:8      | Reached skill level 12 in Axes
  7578 | D:8      | Found a flagged portal.
  7633 | Bailey   | Entered a bailey
  7959 | D:8      | Reached XP level 10. HP: 88/88 MP: 0/9
  7986 | D:8      | Noticed a juvenile stingbat beast
  7995 | D:8      | Reached ** piety under Trog
  8001 | D:8      | HP: 3/88 [poisoned by a juvenile stingbat beast]
  8002 | D:8      | Succumbed to a juvenile stingbat beast's poison

Illustrated notes

Levels and vault maps discovered:
D:1:      amcnicky_arrival_gap_in_the_tavern_cellar, layout_loops_corners,
          minmay_tree_intersection, nrook_mini_vaults
D:2:      wander_river, layout_loops_cross, uniq_sigmund
D:3:      layout_loops_ring, grunt_dithmenos_smoke,
          mainiacjoe_sewer_entry_somewhere_in_here_1, mrwooster_statue_mirror
D:4:      layout_loops_ring
D:5:      layout_loops_corners, mainiacjoe_overflow_alcove_2,
          minmay_temple_entry_grid, cheibrodos_gnoll_hut
D:6:      nicolae_cairo_tiling, layout_gridville, mainiacjoe_overflow_catwalk,
          marbit_many_paths, uniq_grinder
D:7:      layout_basic
D:8:      layout_rooms, enter_bailey_2, grunt_ministairs_9, nicolae_beast_mode
Temple:   regret_index_temple_mists

Skill      XL: |  1  2  3  4  5  6  7  8  9 10 |
---------------+-------------------------------+-----
Fighting       | 4 5 6 8 |  8.2
Armour         | 4 5 6 7 8 9 |  9.0
Axes           | 4 5 6 8 10 12 | 12.5
Shields        | 4 |  4.1
Dodging        | 1 2 3 |  3.8
Stealth        | 1 |  1.8

Action                     |  1- 3 |  4- 6 |  7- 9 | 10-12 || total
---------------------------+-------+-------+-------+-------++-------
  Melee: War axe           |    54 |   116 |   225 |    16 ||   411
         Headbutt          |    10 |    12 |    25 |     4 ||    51
    Use: Scroll            |       |       |     9 |     1 ||    10
   Stab: Sleeping          |       |       |     1 |       ||     1
 Armour: Scale mail        |    35 |   101 |    24 |       ||   160
         Chain mail        |       |       |    51 |       ||    51
         Ring mail         |       |       |   120 |    51 ||   171
  Dodge: Dodged            |    24 |    66 |   127 |    29 ||   246
  Block: Buckler           |    15 |       |       |       ||    15
